AoeStats
← joeldenouden98

Lombardia

508445206Analyzed
2v2 RM · 8d ago on Sep 22, 2026· 59m 2s· 4 players
Game mode
Random Map
Map size
Medium (4 player)
Population
200
Speed
Normal
Resources
Standard
Victory
Conquest
Starting age
Dark Age
Ending age
Imperial Age
RankedLock teamsTeams togetherTeam positionsShared explorationLock speedFull tech treeHidden civsTurbo modeCheats
Victory
Defeat
🇨🇳 Mongols · China
1207
+14
🇨🇳 Persians · China
1105
+18
🇲🇽 Hindustanis · Mexico
1166
-16
🇳🇱 Lithuanians · Netherlands
1160
-43
还有遗憾吗
10:52 Feudal Age
16:15 Castle Age
14:43 Stone Mining
15:06 Double-Bit Axe
15:53 Horse Collar
29:34 Imperial Age
26:53 Loom
27:45 Wheelbarrow
27:00 Town Watch
27:27 Heavy Plow
27:44 Bow Saw
27:34 Gold Mining
28:30 Stone Shaft Mining
28:46 Fletching
28:57 Padded Archer Armor
29:45 Gold Shaft Mining
30:07 Bodkin Arrow
30:28 Leather Archer Armor
32:26 Murder Holes
32:40 Siege Engineers
32:58 Bracer
33:01 Husbandry
33:11 Bloodlines
33:08 Thumb Ring
33:52 Ballistics
34:33 Chemistry
35:32 Hand Cart
35:17 Town Patrol
35:45 Forging
35:40 Scale Barding Armor
36:04 Parthian Tactics
35:02 Light Cavalry
35:53 Siege Engineers
35:58 Masonry
36:00 Fortified Wall
36:15 Conscription
37:12 Elite Mangudai
38:03 Hussar
38:39 Capped Ram
40:44 Siege Ram
45:19 Siege Ram
50:13 Nomads
50:33 Drill
50:49 Hoardings
行云流水
10:21 Loom
12:07 Feudal Age
13:58 Double-Bit Axe
14:07 Gold Mining
14:14 Horse Collar
17:35 Castle Age
17:25 Stone Mining
18:28 Bow Saw
20:20 Scale Mail Armor
23:55 Squires
23:18 Pikeman
26:54 Wheelbarrow
26:06 Town Watch
27:14 Fletching
27:54 Squires
29:27 Forging
35:28 Scale Barding Armor
35:20 Bodkin Arrow
36:01 Iron Casting
36:08 Kamandaran
37:58 Padded Archer Armor
42:20 Imperial Age
40:40 Chain Mail Armor
44:02 Two-Man Saw
42:46 Crossbowman
45:23 Leather Archer Armor
47:46 Gold Shaft Mining
47:53 Hand Cart
48:16 Ring Archer Armor
49:23 Thumb Ring
50:55 Chemistry
50:16 Ballistics
50:44 Squires
50:31 Gambesons
50:06 Halberdier
51:47 Conscription
51:47 Elite War Elephant
53:12 Masonry
52:58 Murder Holes
53:29 Town Patrol
53:33 Heavy Plow
55:39 Chain Barding Armor
55:50 Plate Mail Armor
56:20 Blast Furnace
57:11 Plate Barding Armor
57:59 Crop Rotation
59:02 Citadels
59:28 Hoardings
joeldenouden98
10:37 Feudal Age
14:57 Castle Age
13:29 Double-Bit Axe
17:01 Loom
17:59 Pikeman
24:35 Scale Barding Armor
26:07 Bloodlines
27:31 Gold Mining
32:01 Imperial Age
30:24 Chain Barding Armor
32:31 Elite Leitis
36:40 Wheelbarrow
35:50 Town Watch
40:56 Plate Barding Armor
40:32 Forging
42:34 Elite Skirmisher
49:41 Murder Holes
50:08 Ballistics
Dracarys2306
11:49 Feudal Age
15:45 Castle Age
14:12 Double-Bit Axe
15:46 Horse Collar
16:15 Scale Barding Armor
16:23 Bloodlines
22:01 Loom
22:31 Forging
25:21 Gold Mining
26:57 Wheelbarrow
26:45 Chain Barding Armor
31:46 Imperial Age
31:50 Heavy Camel Rider
33:06 Plate Barding Armor
35:58 Iron Casting
36:30 Stone Mining
36:45 Fletching
37:12 Bow Saw
37:52 Bodkin Arrow
39:56 Bracer
40:19 Ballistics
39:26 Elite Skirmisher
41:36 Padded Archer Armor
43:00 Chemistry
42:42 Thumb Ring
43:23 Leather Archer Armor
44:48 Husbandry
46:32 Blast Furnace
46:04 Imperial Camel Rider
55:17 Town Watch
56:43 Town Patrol
58:46 Ring Archer Armor
Connection lost

Rejoining the realm…

Still unreachable

The connection could not be restored.

Session expired

The server has moved on; the page needs a fresh start.